 Dungeon Crawl Stone Soup version 0.29.0-4-gdea44cf6ec (webtiles) character file.

Game seed: 3594055955789842138

3 qw the Chopper (level 1, -1/12 HPs)
             Began as a Tengu Warper on Aug 28, 2022.
             Slain by a quokka (4 damage)
             ... on level 1 of the Dungeon.
             The game lasted 00:00:00 (57 turns).

qw the Chopper (Tengu Warper)                         Turns: 57, Time: 00:00:01

Health: -1/12      AC:  3    Str: 11    XL:     1   Next: 50%
Magic:  4/4        EV: 11    Int: 13    God:
Gold:   0          SH:  0    Dex: 13    Spells: 4/4 levels left

rFire   . . .      SeeInvis .   a - +0 hand axe
rCold   . . .      Faith    .   (no shield)
rNeg    . . .      Spirit   .   b - +0 leather armour
rPois   .          Reflect  .   (helmet restricted)
rElec   .          Harm     .   (no cloak)
rCorr   .          Rampage  .   (no gloves)
Will    .....                   (boots unavailable)
Stlth   +.........              (no amulet)
HPRegen 0.04/turn               (no ring)
MPRegen 0.09/turn               (no ring)

@: no status effects
A: beak, talons 3
a: no special abilities


You were on level 1 of the Dungeon.
You visited 1 branch of the dungeon, and saw 1 of its levels.


Innate Abilities, Weirdness & Mutations

You have a beak for a mouth.
You have claws for feet.


   Skills:
 - Level 2.0 Fighting
 + Level 2.5 Axes
 - Level 1.0 Throwing
 - Level 1.1 Armour
 - Level 2.1 Dodging
 - Level 2.0 Spellcasting
 - Level 2.4 Translocations


You had 4 spell levels left.
You didn't know any spells.
Your spell library contained the following spells:

 Spells                   Type           Power      Damage    Failure   Level
 Blink                    Tloc           14%        N/A       19%         2
 Gell's Gravitas          Tloc           7%         N/A       36%         3
 Lesser Beckoning         Tloc           7%         N/A       36%         3
 Teleport Other           Tloc           7%         N/A       36%         3
 Manifold Assault         Tloc           7%         N/A       98%         5

Inventory:

Hand Weapons
 a - a +0 hand axe (weapon)
Missiles
 d - 3 boomerangs of dispersal (quivered)
Armour
 b - a +0 leather armour (worn)
 f - a +2 cloak
 g - a +0 chain mail
Jewellery
 e - a +6 ring of dexterity
Scrolls
 c - a scroll of blinking
 h - a scroll of brand weapon {unknown}

Dungeon Overview and Level Annotations

Branches:
Dungeon (1/15)

Altars:


Message History

43 ||| Stepping ~*~*~tactically~*~*~ (stealth).
Found a murky cyan potion.
A jackal comes into view.
The jackal barks!
A quokka comes into view.
46 ||| Stepping ~*~*~tactically~*~*~ (stealth).
An endoplasm comes into view.
48 ||| Stepping ~*~*~tactically~*~*~ (stealth).
The jackal barks!
A kobold comes into view. It is wielding a +0 short sword.
50 ||| Stepping ~*~*~tactically~*~*~ (stealth).
The jackal bites you.
You closely miss the jackal. Your kick misses the jackal.
You peck the jackal, but do no damage. The jackal barely misses you.
You hit the jackal. Your kick misses the jackal.
The jackal is moderately wounded.
The jackal bites you.
You hit the jackal. You peck the jackal.
You kill the jackal!
A jackal comes into view.
The jackal closely misses you.
The jackal barks!
You hit the jackal but do no damage. You claw the jackal. You peck the jackal.
The jackal is severely wounded.
You hit the jackal.
You kill the jackal!
You hear a shout! x2
The jackal bites you but does no damage.
A hobgoblin comes into view.
You closely miss the jackal.
The jackal is severely wounded.
You hit the quokka. The jackal closely misses you.
The quokka barely misses you. The jackal bites you.
You hit the jackal.
The jackal is almost dead.
You barely miss the quokka. The quokka bites you.
The jackal closely misses you. The quokka bites you.
You die...

#.....#......+....+.
#.....#......++++++#
##......#..###
#######..#.........
#...................
#...#####..#.##.......
# #.....#.##.......
......##..#.##.......
h.... #@.#.##.......
..h. #hr..........
.Kr.h...J....##.
[..J.h........#
.....K........#
......!......#
...............
...........#...
....##...###...


You could see an endoplasm, a quokka, a jackal and a kobold.

Vanquished Creatures
  2 jackals (D:1)
  A frilled lizard (D:1)
3 creatures vanquished.

Notes
Turn   | Place    | Note
-------+----------+-------------------------------------------
     0 | D:1      | qw the Tengu Warper began the quest for the Orb.
     0 | D:1      | Reached XP level 1. HP: 12/12 MP: 4/4
     0 | D:1      | 0 ||| qw: Version: 0.1-a-89-g26bdef1
     0 | D:1      | 0 ||| qw: Game counter: 3251
     0 | D:1      | 0 ||| qw: Always use a shield: true
     0 | D:1      | 0 ||| qw: God list: Okawaru
     0 | D:1      | 0 ||| qw: Allow faded altars: false
     0 | D:1      | 0 ||| qw: Do Orc after D:15 true
     0 | D:1      | 0 ||| qw: Do second Lair branch before Depths: true
     0 | D:1      | 0 ||| qw: Lair rune preference: random
     0 | D:1      | 0 ||| qw: Plans: Normal
     0 | D:1      | 0 ||| PLANNING D:1-11
    43 | D:1      | 43 ||| Stepping ~*~*~tactically~*~*~ (stealth).
    46 | D:1      | 46 ||| Stepping ~*~*~tactically~*~*~ (stealth).
    48 | D:1      | 48 ||| Stepping ~*~*~tactically~*~*~ (stealth).
    50 | D:1      | 50 ||| Stepping ~*~*~tactically~*~*~ (stealth).
    57 | D:1      | HP: 3/12 [quokka (2)]
    57 | D:1      | Slain by a quokka

Levels and vault maps discovered:
D:1:      lightli_arrival_maybe_door_vault, layout_rooms

Action                   || total
-------------------------++-------
Melee: Hand axe          ||     7
       Peck              ||     3
       Kick              ||     1
Throw: Boomerang         ||     4
Armor: Leather armour    ||     1
Dodge: Dodged            ||     5

Table legend:
 A = Non-vault XP
 B = Vault XP
 C = Vault XP percentage of total XP
 D = Non-vault monster count
 E = Vault monster count
 F = Vault count percentage of total count
                 A         B        C        D         E       F
            +---------+---------+-------+---------+---------+-------
      Total |       5 |       0 |   0.0 |       3 |       0 |   0.0
            +---------+---------+-------+---------+---------+-------
        D:1 |       5 |       0 |   0.0 |       3 |       0 |   0.0
            +---------+---------+-------+---------+---------+-------
